 Dungeon Crawl Stone Soup version 0.18.1-50-g88ac8fd (webtiles) character file.

219 Chiseanne the Covert (level 5, -3/25 HPs)
             Began as a Spriggan Assassin on Apr 3, 2017.
             Was an Initiate of Gozag.
             Slain by an ogre
             ... wielding a +0 giant club
              (28 damage)
             ... on level 4 of the Dungeon.
             The game lasted 00:07:33 (3583 turns).

Chiseanne the Covert (Spriggan Assassin)            Turns: 3583, Time: 00:07:34

Health: -3/25      AC:  4    Str:  7    XL:     5   Next: 63%
Magic:  6/6        EV: 17    Int: 12    God:    Gozag
Gold:   229        SH:  0    Dex: 19    Spells: 0 memorised, 4 levels left

rFire  . . .     SeeInvis +     a - +4 dagger
rCold  . . .     Gourm    .     c - +0 robe
rNeg   . . .     Faith    .     (shield restricted)
rPois  .         Spirit   .     (helmet restricted)
rElec  .         Dismiss  .     d - +1 cloak
rCorr  .         Reflect  .     (gloves unavailable)
SustAt .         Harm     .     (boots unavailable)
MR     .....                    (no amulet)
Stlth  +++++.....               (no ring)
                                (no ring)

@: very quick, not resistant to hostile enchantments, quite stealthy
A: unfitting armour, see invisible, herbivore 3, speed 3, slow metabolism 2
a: Potion Petition, Call Merchant, Bribe Branch, Renounce Religion


You were on level 4 of the Dungeon.
You worshipped Gozag.
Gozag was noncommittal.
You were not hungry.

You visited 1 branch of the dungeon, and saw 4 of its levels.

You collected 264 gold pieces.
You paid 35 gold pieces to Gozag.

Inventory:

Hand Weapons
 a - a +4 dagger (weapon)
 w - a +0 blowgun
Missiles
 h - 74 arrows
 k - 36 stones (quivered)
 o - 18 sling bullets
 t - 18 bolts
Armour
 c - a +0 robe (worn)
 d - a +1 cloak (worn)
Jewellery
 m - an uncursed ring of poison resistance {unknown}
Wands
 n - a wand of paralysis (7/24)
 s - a wand of acid (3/15)
Potions
 b - a potion of ambrosia {unknown}
 i - a potion of magic {unknown}
 j - 3 potions of invisibility {unknown}
 l - a potion of flight {unknown}
 p - a potion of heal wounds
 q - a potion of agility {unknown}
 r - a potion of resistance {unknown}
 x - 2 potions of curing {unknown}
Books
 u - an Akashic Record

   Spells                             Type                      Level
   a - Dispersal                      Translocation                6
   b - Malign Gateway                 Summoning/Translocation      7
   c - Disjunction                    Translocation                8
   d - Controlled Blink               Translocation                8
 v - a book of Ice

   Spells                             Type                      Level
   a - Ice Form                       Ice/Transmutation            4
   b - Metabolic Englaciation         Hexes/Ice                    5
   c - Ozocubu's Refrigeration        Ice                          6
   d - Bolt of Cold                   Conjuration/Ice              6
   e - Freezing Cloud                 Conjuration/Ice/Air          6
   f - Simulacrum                     Ice/Necromancy               6
Comestibles
 g - 3 bread rations


   Skills:
 - Level 1.5 Fighting
 - Level 2.1 Short Blades
 - Level 2.0 Throwing
 - Level 1.5 Dodging
 * Level 10.5 Stealth


You had 4 spell levels left.
You didn't know any spells.

Dungeon Overview and Level Annotations

Branches:
Dungeon (4/15)
 Temple: D:4-7

Altars:
Gozag
Nemelex Xobeh
The Shining One

Annotations:
D:3 Chiseanne's ghost, amateur SpAs


Innate Abilities, Weirdness & Mutations

You are tiny and cannot use many weapons and most armour.
You have supernaturally acute eyesight.
You are a herbivore.
You cover ground extremely quickly.
You need consume almost no food.


Message History

Aim: an ogre, wielding a giant club You shoot a curare-tipped needle.
The curare-tipped needle hits the ogre.
The ogre is poisoned.
The ogre convulses.
The ogre seems to slow down.
The ogre is moderately wounded.
Wield which item (- for none, * to show all)? (? for menu, Esc to quit)
a - a +4 dagger (weapon)
The ogre barely misses you.
You completely miss the ogre.
The ogre is moderately wounded.
You hit the ogre.
The ogre is heavily wounded.
The ogre barely misses you.
You hit the ogre.
The ogre is heavily wounded.
You hit the ogre.
The ogre is severely wounded.
The ogre hits you with a giant club!!
Ouch! That really hurt!
You die...
Your body crumbles into a pile of gold.

.######.# o....
#.# ...# #.# ...#
... #.## #.# #.##
#.#
#..####.##########
.o.).............#
##.####.########@#
##..# #.# #O#
###.###.#
######(#### #
#..##.#
#.........# #
##o##.#
#.........# #
#Z##.#
#.........## #
##.##.#
###........# #
#...#.# #...<....#
#...#.# #........#


You could see an ogre.

Vanquished Creatures
  A howler monkey (D:3)
  2 orc priests
  An orc wizard (D:3)
  2 adders (D:3)
  An ooze (D:1)
  2 worms
  2 dart slugs
  2 giant geckos (D:2)
  3 orcs (D:3)
  2 giant cockroaches
  5 goblins
  5 hobgoblins
  7 jackals
  5 kobolds
  A quokka (D:2)
  A ball python (D:3)
  4 bats
  15 giant newts
  7 rats
68 creatures vanquished.

Notes
Turn   | Place    | Note
--------------------------------------------------------------
     0 | D:1      | Chiseanne the Spriggan Assassin began the quest for the Orb.
     0 | D:1      | Reached XP level 1. HP: 10/10 MP: 2/2
    80 | D:1      | Reached skill level 6 in Stealth
   527 | D:1      | Reached XP level 2. HP: 14/14 MP: 3/3
   621 | D:1      | Reached skill level 7 in Stealth
  1041 | D:1      | Reached XP level 3. HP: 18/18 MP: 4/4
  1429 | D:2      | Reached skill level 8 in Stealth
  1886 | D:3      | Noticed Chiseanne's ghost (amateur SpAs)
  1893 | D:3      | Reached skill level 9 in Stealth
  1893 | D:3      | Reached XP level 4. HP: 22/22 MP: 5/5
  2001 | D:3      | Found an opulent altar of Gozag.
  2011 | D:3      | Became a worshipper of Gozag Ym Sagoz the Greedy
  2185 | D:3      | Found a sparkling altar of Nemelex Xobeh.
  2904 | D:3      | Found a glowing golden altar of the Shining One.
  3021 | D:3      | Reached XP level 5. HP: 24/25 MP: 6/6
  3065 | D:3      | Reached skill level 10 in Stealth
  3556 | D:4      | Noticed an ogre
  3583 | D:4      | Slain by an ogre

Skill      XL: |  1  2  3  4  5 |
---------------+----------------+-----
Stealth        | 6 7 9 10 | 10.5
Fighting       | |  1.5
Short Blades   | |  2.1
Throwing       | |  2.0
Dodging        | |  1.5

Action                   |  1- 3 |  4- 6 || total
-------------------------+-------+-------++-------
Melee: Dagger            |   122 |    48 ||   170
 Fire: Blowgun           |     8 |    12 ||    20
  Use: Scroll            |     3 |     1 ||     4
       Potion            |       |     1 ||     1
 Stab: Distracted        |     4 |       ||     4
       Sleeping          |     6 |     6 ||    12
Armor: Robe              |    13 |     5 ||    18
Dodge: Dodged            |    76 |    44 ||   120
